[Event "December 19 Early 2023"]
[Site "https://www.chess.com"]
[Date "2023.12.19"]
[Round "1"]
[White "Praggnanandhaa R"]
[Black "Tabuenca Mendataurigoitia, Daniel"]
[Result "1-0"]
[Board "25"]
[TimeControl "180+1"]
[WhiteFideId "25059530"]
[BlackFideId "24563617"]
[WhiteElo "2665"]
[BlackElo "2130"]
[WhiteTeam "IND"]
[BlackTeam "ESP"]
[WhiteClock "0:00:35"]
[BlackClock "0:00:00"]

1. d4 d6 2. e4 Nf6 3. Nc3 e5 4. dxe5 dxe5 5. Qxd8+ Kxd8 6. Bc4 Ke8 7. Bd2 c6 8. O-O-O Bd6 9. f4 Nbd7 10. Nf3 Bc7 11. Rhe1 Ng4 12. Re2 exf4 13. e5 Ne3 14. Bxe3 fxe3 15. Rxe3 Nb6 16. Bb3 Bg4 17. Rd4 Bxf3 18. Rxf3 Rf8 19. Re4 Ke7 20. Ne2 Rae8 21. Nf4 g6 22. Nd3 Nd7 23. a4 Kd8 24. Bxf7 Re7 25. e6 Nb6 26. Nc5 Bd6 27. Rd4 Kc7 28. Ne4 Be5 29. Rd1 Nxa4 30. c3 Nb6 31. h4 Nd5 32. Kc2 b5 33. Re1 Bg7 34. Ng5 h6 35. Ne4 g5 36. hxg5 hxg5 37. Nxg5 b4 38. Ne4 bxc3 39. bxc3 Rb8 40. g4 a5 41. Ra1 Rb5 42. g5 1-0

[Event "December 19 Early 2023"]
[Site "https://www.chess.com"]
[Date "2023.12.19"]
[Round "1"]
[White "Dubnevych, Maksym"]
[Black "Demchenko, Anton"]
[Result "0-1"]
[Board "26"]
[TimeControl "180+1"]
[WhiteFideId "14184001"]
[BlackFideId "4160258"]
[WhiteElo "2131"]
[BlackElo "2545"]
[WhiteTeam "UKR"]
[BlackTeam "SLO"]
[WhiteClock "0:00:07"]
[BlackClock "0:00:07"]

1. d4 Nf6 2. Nc3 d5 3. Bf4 g6 4. e3 Bg7 5. h4 h5 6. Nf3 Bg4 7. Be2 Bxf3 8. Bxf3 c6 9. Qd3 Nbd7 10. O-O-O Qa5 11. Rhe1 e6 12. Kb1 O-O-O 13. Qd2 Nb6 14. Be2 Na4 15. Nxa4 Qxa4 16. f3 Ne8 17. Qc3 Nc7 18. Qc5 Bf8 19. b3 Bxc5 20. bxa4 Bb4 21. Rh1 Bd6 22. Bg5 Rd7 23. e4 Be7 24. Be3 b6 25. g3 Kb7 26. Kb2 Rc8 27. c4 Bf6 28. Rd2 Rcd8 29. cxd5 cxd5 30. e5 Be7 31. Rc1 Na6 32. Bb5 Nb8 33. Bxd7 Rxd7 34. Rdc2 Na6 35. a3 Nc7 36. Bg5 Bf8 37. Bd8 Na6 38. Bf6 Bh6 39. Bg5 Bxg5 40. hxg5 Nc7 41. Kb3 Re7 42. g4 hxg4 43. fxg4 Na6 44. Rh1 Nb8 45. Rhc1 Rd7 46. Kc3 Nc6 47. Kd3 Na5 48. Rf2 Nc6 49. Rcf1 Nd8 50. a5 bxa5 51. Rb2+ Ka6 52. Rc1 a4 53. Rb4 Ka5 54. Rc5+ Ka6 55. Rxa4+ Kb6 56. Rb4+ Ka6 57. Rc8 Nb7 58. Rc6+ Ka5 59. Rc8 Ka6 60. Rb8 Na5 61. a4 Nc6 62. R4b5 Nxb8 63. Rxb8 Rc7 64. Rf8 Rb7 65. Kc3 Ka5 66. Re8 Kxa4 67. Rf8 a5 68. Re8 Ka3 69. Ra8 a4 0-1

[Event "December 19 Early 2023"]
[Site "https://www.chess.com"]
[Date "2023.12.19"]
[Round "1"]
[White "Vokhidov, Shamsiddin"]
[Black "Korkmaz, Necmettin"]
[Result "1-0"]
[Board "27"]
[TimeControl "180+1"]
[WhiteFideId "14204223"]
[BlackFideId "6303285"]
[WhiteElo "2588"]
[BlackElo "2044"]
[WhiteTeam "UZB"]
[BlackTeam "TUR"]
[WhiteClock "0:01:05"]
[BlackClock "0:00:00"]

1. e4 e6 2. d4 d5 3. e5 c5 4. c3 Nc6 5. Nf3 Qb6 6. Be2 cxd4 7. cxd4 Nge7 8. Na3 Nf5 9. Nc2 Nb4 10. Ne3 Nxe3 11. Bxe3 Bd7 12. a3 Nc6 13. b4 Be7 14. O-O O-O 15. Bd3 a6 16. Qd2 Na7 17. Bg5 Bxg5 18. Nxg5 h6 19. Nf3 Bb5 20. Rfc1 Bxd3 21. Qxd3 Rac8 22. Rc5 Rc6 23. Nd2 Rfc8 24. Nb3 Nb5 25. g3 Na7 26. Kg2 Rxc5 27. dxc5 Qb5 28. Qe3 Nc6 29. Nd4 Nxd4 30. Qxd4 a5 31. Rc1 axb4 32. Qxb4 Qxb4 33. axb4 Ra8 34. Kf3 Kf8 35. b5 Ke8 36. c6 bxc6 37. Rxc6 Ra3+ 38. Kg2 Rb3 39. b6 g5 40. h3 Kf8 41. Rc8+ Kg7 42. Rb8 d4 43. b7 h5 44. g4 hxg4 45. hxg4 d3 46. Kf3 Rb5 47. Ke3 Rxe5+ 48. Kxd3 Rb5 49. Kc4 Rb1 50. Kc5 Rc1+ 51. Kd6 Rb1 52. Kc6 Rc1+ 53. Kd7 Rb1 54. Ke7 Rb2 55. Kd7 Rb1 56. Kd6 Rb5 57. Kc6 Rb2 58. Ra8 Rc2+ 59. Kd6 1-0

[Event "December 19 Early 2023"]
[Site "https://www.chess.com"]
[Date "2023.12.19"]
[Round "1"]
[White "Baches Garcia, Guillermo"]
[Black "Kukhmazov, Arsen"]
[Result "1/2-1/2"]
[Board "28"]
[TimeControl "180+1"]
[WhiteFideId "2209764"]
[BlackFideId "24108260"]
[WhiteElo "2504"]
[BlackElo "2397"]
[WhiteTeam "ESP"]
[BlackTeam "FID"]
[WhiteClock "0:00:18"]
[BlackClock "0:00:03"]

1. d4 d5 2. Nf3 Nf6 3. Bg5 Ne4 4. Bf4 c5 5. dxc5 Nc6 6. Nbd2 Nxc5 7. e3 Bf5 8. Be2 e6 9. O-O Be7 10. Nd4 Bg6 11. c4 O-O 12. cxd5 exd5 13. Nxc6 bxc6 14. Nb3 Ne6 15. Bg3 Bf6 16. Rc1 Qb6 17. Qd2 a5 18. Rfd1 Rfe8 19. Bf3 Ng5 20. Nd4 Nxf3+ 21. gxf3 c5 22. Nb3 c4 23. Nd4 Bd3 24. b3 Bxd4 25. exd4 Qxd4 26. bxc4 dxc4 27. Kg2 Qf6 28. Re1 h5 29. h4 Qf5 30. Re3 Red8 31. Qc3 a4 32. Rce1 Rac8 33. Re7 Rc6 34. R1e5 Qf6 35. Ra7 Re6 36. Rxa4 Rd5 37. Ra5 Rdxe5 38. Rxe5 Rxe5 39. Qxe5 Qg6 40. a4 Kh7 41. a5 Qf5 42. Qxf5+ Bxf5 43. Be5 f6 44. Bd4 Bc8 45. Kg3 Kg6 46. Kf4 Bb7 47. Bc3 Kf7 48. Bd4 Ke6 49. Bc3 Kd5 50. Ke3 Ke6 51. Kf4 Kd5 52. Ke3 Ke6 53. Kf4 1/2-1/2

[Event "December 19 Early 2023"]
[Site "https://www.chess.com"]
[Date "2023.12.19"]
[Round "1"]
[White "Bortnyk, Olexandr"]
[Black "Oganisian, Roman"]
[Result "1-0"]
[Board "29"]
[TimeControl "180+1"]
[WhiteFideId "14120828"]
[BlackFideId "4153006"]
[WhiteElo "2731"]
[BlackElo "2204"]
[WhiteTeam "UKR"]
[BlackTeam "RUS"]
[WhiteClock "0:01:31"]
[BlackClock "0:00:00"]

1. e4 e6 2. d4 d5 3. e5 c5 4. Nf3 Nc6 5. Bd3 Nh6 6. O-O Nf5 7. Bxf5 exf5 8. Bg5 Qc7 9. Nc3 Be6 10. dxc5 h6 11. Be3 f4 12. Bxf4 Bxc5 13. Nxd5 Qa5 14. c4 O-O-O 15. a3 Bxd5 16. cxd5 Rxd5 17. Qc2 Qb6 18. b4 Be7 19. Qf5+ Rd7 20. Rad1 Rd8 21. Rxd7 Rxd7 22. Qxf7 Nd4 23. Nxd4 Qxd4 24. Rc1+ Rc7 25. Rxc7+ 1-0

[Event "December 19 Early 2023"]
[Site "https://www.chess.com"]
[Date "2023.12.19"]
[Round "1"]
[White "Sroczynski, Maciej"]
[Black "Drygalov, Sergey"]
[Result "0-1"]
[Board "30"]
[TimeControl "180+1"]
[WhiteFideId "1121472"]
[BlackFideId "24171743"]
[WhiteElo "2266"]
[BlackElo "2504"]
[WhiteTeam "POL"]
[BlackTeam "RUS"]
[WhiteClock "0:00:00"]
[BlackClock "0:00:05"]

1. d4 d5 2. c4 e6 3. Nf3 Nf6 4. Nc3 c6 5. cxd5 exd5 6. Bg5 Be7 7. e3 Bf5 8. Be2 Nbd7 9. O-O O-O 10. Nh4 Be6 11. Bd3 h6 12. Bxf6 Bxf6 13. Nf5 Kh8 14. Qf3 Bg5 15. g3 g6 16. h4 gxf5 17. hxg5 Qxg5 18. Kg2 Nf6 19. Rh1 Kg7 20. Rh4 Rh8 21. Rah1 Ne4 22. Rh5 Qf6 23. Ne2 Ng5 24. Qf4 Rac8 25. b4 b6 26. Qd6 Ne4 27. Qf4 a5 28. bxa5 bxa5 29. Rb1 Qg6 30. Rhh1 h5 31. Rb7 Qg5 32. Qe5+ Qf6 33. Qf4 c5 34. Rb5 c4 35. Bc2 c3 36. Rxa5 Rb8 37. Bb3 Rbc8 38. Bxd5 c2 39. Bxe4 h4 40. Bxf5 h3+ 41. Bxh3 Bxh3+ 42. Rxh3 Qc6+ 43. e4 Rxh3 44. Kxh3 Kf8 45. Rh5 Qe6+ 46. Kg2 Ke7 47. d5 Qb6 48. Re5+ Kf8 49. Qg4 Qc5 0-1

[Event "December 19 Early 2023"]
[Site "https://www.chess.com"]
[Date "2023.12.19"]
[Round "1"]
[White "Movahed, Sina"]
[Black "Sadovsky, Artem"]
[Result "1-0"]
[Board "31"]
[TimeControl "180+1"]
[WhiteFideId "42520835"]
[BlackFideId "4155840"]
[WhiteElo "2341"]
[BlackElo "2314"]
[WhiteTeam "IRI"]
[BlackTeam "FID"]
[WhiteClock "0:00:19"]
[BlackClock "0:00:00"]

1. e4 g6 2. d4 Bg7 3. Nc3 d6 4. Be3 e5 5. dxe5 dxe5 6. Qxd8+ Kxd8 7. O-O-O+ Nd7 8. Bc4 f6 9. f4 exf4 10. Bxf4 Bh6 11. Bxh6 Nxh6 12. Nf3 c6 13. e5 fxe5 14. Nxe5 Kc7 15. Rhe1 Re8 16. Nf3 Nf6 17. Rxe8 Nxe8 18. Ng5 Nd6 19. Bd3 Bf5 20. Nxh7 Rh8 21. Ng5 Ng4 22. Bxf5 Nxf5 23. h3 Nge3 24. Rd2 Re8 25. b3 b5 26. a3 a5 27. Nce4 b4 28. axb4 axb4 29. g4 Nh4 30. Nf6 Re7 31. Rd4 Nd5 32. Nxd5+ cxd5 33. Rxb4 Re5 34. Nh7 Re3 35. Nf6 Kd6 36. g5 Rxh3 37. Rd4 Nf3 38. Rxd5+ Ke6 39. Rb5 Nxg5 40. Ng4 Nf3 41. Kb2 Rg3 42. Rb6+ Kf5 43. Ne3+ Ke4 44. Re6+ Kf4 45. Nd5+ Kf5 46. Re8 Nd4 47. b4 Kg5 48. Re5+ Kh6 49. Re4 Nf5 50. b5 Nd6 51. Rb4 Rg5 52. Nc3 Rc5 53. b6 Nc4+ 54. Kb3 Nd2+ 55. Ka4 1-0

[Event "December 19 Early 2023"]
[Site "https://www.chess.com"]
[Date "2023.12.19"]
[Round "1"]
[White "Valle Luis, Leo"]
[Black "Liascovich, Lucas"]
[Result "0-1"]
[Board "32"]
[TimeControl "180+1"]
[WhiteFideId "54577187"]
[BlackFideId "108634"]
[WhiteElo "2143"]
[BlackElo "2455"]
[WhiteTeam "ESP"]
[BlackTeam "ARG"]
[WhiteClock "0:00:05"]
[BlackClock "0:00:49"]

1. e4 e5 2. Nf3 Nc6 3. Bb5 a6 4. Ba4 d6 5. O-O f5 6. d3 fxe4 7. dxe4 Nf6 8. Re1 Be7 9. Nc3 O-O 10. h3 b5 11. Bb3+ Kh8 12. a4 b4 13. Nd5 Nxd5 14. Bxd5 Bd7 15. Be3 Qe8 16. Kh2 Qh5 17. Ng1 Qg6 18. Qd2 Rab8 19. Ne2 h6 20. Ng3 Bh4 21. Rf1 a5 22. b3 Ne7 23. Rae1 Nxd5 24. Qxd5 Rf6 25. Nh1 Rbf8 26. Qxa5 c5 27. Qc7 Bc8 28. Rd1 Ba6 29. Rfe1 Bg5 30. Bxg5 hxg5 31. f3 Bc8 32. Ng3 g4 33. fxg4 Bxg4 34. hxg4 Qxg4 35. Nf5 Rg6 36. Rd2 Rxf5 37. Qc8+ Kh7 38. Qxf5 Qg3+ 39. Kg1 Qxe1+ 40. Kh2 Qxd2 41. Kg1 Qh6 42. Kf2 Qf4+ 0-1

[Event "December 19 Early 2023"]
[Site "https://www.chess.com"]
[Date "2023.12.19"]
[Round "1"]
[White "Svane, Frederik"]
[Black "Karas, Marek"]
[Result "1-0"]
[Board "33"]
[TimeControl "180+1"]
[WhiteFideId "12923044"]
[BlackFideId "14928558"]
[WhiteElo "2502"]
[BlackElo "2218"]
[WhiteTeam "GER"]
[BlackTeam "CZE"]
[WhiteClock "0:01:13"]
[BlackClock "0:01:06"]

1. Nf3 Nf6 2. g3 d5 3. Bg2 Nbd7 4. O-O e5 5. d3 c6 6. Nc3 Bc5 7. Nxe5 Nxe5 8. d4 Bd6 9. dxe5 Bxe5 10. Bg5 h6 11. Bxf6 Bxf6 12. Qd2 Qa5 13. Rad1 O-O 14. Nxd5 Qd8 15. Nxf6+ Qxf6 16. Qd4 Qxd4 17. Rxd4 Be6 18. Rfd1 a5 19. a3 Rfc8 20. f4 Kf8 21. Kf2 Ke7 22. e4 g6 23. e5 Ra6 24. c3 Rb6 25. R1d2 h5 26. Ke3 Rh8 27. Bf3 Rb5 28. Be2 Rb6 29. Bc4 Bxc4 30. Rxc4 Rd8 31. Rcd4 Rxd4 32. Kxd4 Rb5 33. Ke4 a4 34. h3 Rb3 35. g4 hxg4 36. hxg4 b5 37. f5 gxf5+ 38. gxf5 c5 39. f6+ Ke8 40. e6 fxe6 41. Ke5 b4 42. Kxe6 1-0

[Event "December 19 Early 2023"]
[Site "https://www.chess.com"]
[Date "2023.12.19"]
[Round "1"]
[White "Kochiev, Ivan"]
[Black "Grandelius, Nils"]
[Result "0-1"]
[Board "34"]
[TimeControl "180+1"]
[WhiteFideId "2917890"]
[BlackFideId "1710400"]
[WhiteElo "2285"]
[BlackElo "2573"]
[WhiteTeam "BUL"]
[BlackTeam "SWE"]
[WhiteClock "0:00:04"]
[BlackClock "0:00:19"]

1. e4 e6 2. d4 d5 3. Nd2 e5 4. dxe5 Nc6 5. Bb5 dxe4 6. Nxe4 Qxd1+ 7. Kxd1 Bf5 8. Bxc6+ bxc6 9. Ng3 Bg6 10. c3 h5 11. h4 Ne7 12. N1e2 O-O-O+ 13. Ke1 Nd5 14. Nf4 Nxf4 15. Bxf4 Bc5 16. Ke2 Rhe8 17. Rad1 Rxd1 18. Rxd1 Be7 19. Kf3 Bxh4 20. Rh1 Bxg3 21. Bxg3 Rd8 22. Bf4 Rd5 23. Re1 a5 24. e6 f6 25. e7 Be8 26. a4 c5 27. Ke4 Rd7 28. Kf5 Rd3 29. Ke4 c4 30. Kf5 Kd7 31. Re4 Rd5+ 32. Be5 Rxe5+ 33. Rxe5 fxe5 34. Kxe5 Kxe7 0-1

[Event "December 19 Early 2023"]
[Site "https://www.chess.com"]
[Date "2023.12.19"]
[Round "1"]
[White "Abasov, Nijat"]
[Black "titledsquirrel2007"]
[Result "1/2-1/2"]
[Board "35"]
[TimeControl "180+1"]
[WhiteFideId "13402960"]
[WhiteElo "2561"]
[BlackElo "2501"]
[WhiteTeam "AZE"]
[WhiteClock "0:00:12"]
[BlackClock "0:00:23"]

1. d4 e6 2. Nf3 f5 3. Bg5 Nf6 4. Nbd2 Be7 5. Bxf6 Bxf6 6. e4 d5 7. exf5 exf5 8. Bd3 O-O 9. O-O Nc6 10. c3 Qd6 11. Re1 Bd7 12. Qb3 Kh8 13. Re2 Rfe8 14. Rae1 Rxe2 15. Rxe2 b6 16. Nf1 g6 17. Qd1 Re8 18. Ne3 Nd8 19. Nc2 c6 20. Nce1 Kg7 21. Bc2 c5 22. Rxe8 Bxe8 23. Nd3 Nf7 24. Ba4 Bc6 25. Bxc6 Qxc6 26. h3 c4 27. Nde5 Bxe5 28. dxe5 Qe6 29. Qd4 g5 30. g4 f4 31. Kg2 h6 32. b3 Kg6 33. bxc4 dxc4 34. Qe4+ Kg7 35. h4 Qxg4+ 36. Kf1 Qe6 37. hxg5 Nxg5 38. Qxf4 Nxf3 39. Qxf3 Qxe5 40. Qg4+ Qg5 41. Qxc4 Qc1+ 42. Ke2 Qg5 43. Qc7+ Kg6 44. Qxa7 Qb5+ 45. Kd2 Qb2+ 46. Kd3 Qxf2 47. Qb7 Qf1+ 48. Kd4 Qf2+ 49. Kc4 Qc5+ 50. Kb3 Qb5+ 51. Kc2 Qe2+ 52. Kb3 Qb5+ 53. Kc2 Qe2+ 54. Kb3 Qb5+ 1/2-1/2

[Event "December 19 Early 2023"]
[Site "https://www.chess.com"]
[Date "2023.12.19"]
[Round "1"]
[White "Hrebenshchykova, Yelyzaveta"]
[Black "Galchenko, Matvey"]
[Result "0-1"]
[Board "36"]
[TimeControl "180+1"]
[WhiteFideId "14159899"]
[BlackFideId "24175480"]
[WhiteElo "2045"]
[BlackElo "2424"]
[WhiteTeam "UKR"]
[BlackTeam "FID"]
[WhiteClock "0:00:11"]
[BlackClock "0:01:27"]

1. e4 d5 2. exd5 Nf6 3. d4 Bg4 4. Nf3 Qxd5 5. Be2 Nc6 6. c4 Qh5 7. Be3 O-O-O 8. Nbd2 e5 9. d5 Nd4 10. Nxd4 exd4 11. Bxd4 Bb4 12. Bxf6 Bxe2 13. Qa4 Bd3 14. f3 Rhe8+ 15. Kd1 Be2+ 16. Kc1 Bxd2+ 17. Kxd2 Qh6+ 18. Kc2 Qxf6 19. Qxa7 Qf5+ 20. Kc1 Qf4+ 0-1

[Event "December 19 Early 2023"]
[Site "https://www.chess.com"]
[Date "2023.12.19"]
[Round "1"]
[White "Zhigalko, Sergei"]
[Black "Hnydiuk, Aleksander"]
[Result "1-0"]
[Board "37"]
[TimeControl "180+1"]
[WhiteFideId "13502956"]
[BlackFideId "1109057"]
[WhiteElo "2616"]
[BlackElo "2374"]
[WhiteTeam "BLR"]
[BlackTeam "POL"]
[WhiteClock "0:01:04"]
[BlackClock "0:00:09"]

1. e4 e5 2. Nf3 Nc6 3. Bc4 Bc5 4. b4 Bxb4 5. c3 Ba5 6. d4 d6 7. Qb3 Qd7 8. O-O Nf6 9. dxe5 Ng4 10. exd6 cxd6 11. h3 Nge5 12. Nxe5 Nxe5 13. Bb5 Nc6 14. Rd1 Qe6 15. Bc4 Qe7 16. Ba3 Bc7 17. Bd5 O-O 18. Nd2 Rb8 19. Nc4 Bd7 20. Nxd6 Qg5 21. Nxf7 Qf4 22. g3 1-0

[Event "December 19 Early 2023"]
[Site "https://www.chess.com"]
[Date "2023.12.19"]
[Round "1"]
[White "Caceres Benitez, Arturo Eduardo"]
[Black "Tari, Aryan"]
[Result "0-1"]
[Board "38"]
[TimeControl "180+1"]
[WhiteFideId "3710769"]
[BlackFideId "1510045"]
[WhiteElo "2045"]
[BlackElo "2577"]
[WhiteTeam "PAR"]
[BlackTeam "NOR"]
[WhiteClock "0:00:00"]
[BlackClock "0:00:46"]

1. d4 Nf6 2. Nf3 b6 3. Bf4 Bb7 4. e3 g6 5. Bd3 Bg7 6. h3 O-O 7. O-O c5 8. c3 d6 9. Nbd2 a6 10. Re1 b5 11. a4 Qb6 12. axb5 axb5 13. Rxa8 Bxa8 14. Qe2 c4 15. Bc2 Nd5 16. Bg3 Bh6 17. Ra1 Nd7 18. Qe1 Bb7 19. Ra3 Rc8 20. e4 Nf4 21. Bxf4 Bxf4 22. Nf1 e5 23. g3 Bh6 24. dxe5 dxe5 25. Ne3 Bxe3 26. Qxe3 Qxe3 27. fxe3 Ra8 28. Rxa8+ Bxa8 29. Kf2 f6 30. b3 Nc5 31. bxc4 Bxe4 32. Bd1 bxc4 33. Nd2 Bd5 34. Be2 Na4 35. Bxc4 Nxc3 36. Bxd5+ Nxd5 37. e4 Nb4 38. Ke3 Kf7 39. Nf3 Ke6 40. g4 Nc6 41. Kd3 Nd8 42. Ke3 Nf7 43. Nd2 Ng5 44. h4 Nf7 45. Nf3 Nh6 46. Nh2 Kd6 47. Kf3 Kc5 48. Nf1 Nf7 49. Ne3 Kd6 50. Nd5 Ke6 51. Ne3 Nd6 52. Nd5 f5 53. gxf5+ gxf5 54. Nc7+ Kd7 55. Nd5 Nxe4 56. Ne3 Ke6 57. h5 Nf6 58. h6 f4 59. Ng2 Kf5 60. Nh4+ Kg5 61. Ng2 e4+ 62. Kf2 Ng4+ 63. Kf1 f3 64. Ne1 Kf4 0-1

[Event "December 19 Early 2023"]
[Site "https://www.chess.com"]
[Date "2023.12.19"]
[Round "1"]
[White "Ter-Sahakyan, Samvel"]
[Black "Bressy, Theo"]
[Result "1-0"]
[Board "39"]
[TimeControl "180+1"]
[WhiteFideId "13302531"]
[BlackFideId "26022842"]
[WhiteElo "2556"]
[BlackElo "2163"]
[WhiteTeam "ARM"]
[BlackTeam "FRA"]
[WhiteClock "0:00:12"]
[BlackClock "0:00:09"]

1. d4 d5 2. c4 c6 3. Nf3 Nf6 4. Nc3 dxc4 5. e4 b5 6. a4 b4 7. Na2 Nxe4 8. Bxc4 Nd6 9. Bb3 a5 10. O-O Bg4 11. h3 Bh5 12. Re1 e6 13. d5 Bxf3 14. Qxf3 cxd5 15. Bxd5 Ra7 16. Bf4 Be7 17. Bb3 O-O 18. Rad1 Rd7 19. g4 Qb6 20. Be3 Qb7 21. Qxb7 Nxb7 22. Nc1 Rfd8 23. Rxd7 Rxd7 24. Bc4 Bc5 25. Bb5 Rd8 26. Bf4 Bd6 27. Be3 Bc5 28. Bg5 Bd6 29. Bxd8 Nxd8 30. Nb3 Nb7 31. Bf1 Kf8 32. Bg2 Nc5 33. Nxc5 Bxc5 34. Rc1 Bd6 35. Bf1 Ke7 36. Bb5 e5 37. b3 f6 38. Kg2 g6 39. Rc8 f5 40. Rh8 Kf6 41. Rxh7 e4 42. Ra7 Ke5 43. Rxa5 Kd4 44. Ra7 Kc3 45. Bc4 f4 46. Kf1 Kd2 47. a5 f3 48. a6 Bc5 49. Rc7 Bxf2 50. Kxf2 1-0

[Event "December 19 Early 2023"]
[Site "https://www.chess.com"]
[Date "2023.12.19"]
[Round "1"]
[White "Herman, Matthew"]
[Black "Corrales Jimenez, Fidel"]
[Result "1-0"]
[Board "40"]
[TimeControl "180+1"]
[WhiteFideId "2028964"]
[BlackFideId "3506690"]
[WhiteElo "2368"]
[BlackElo "2507"]
[WhiteTeam "USA"]
[BlackTeam "USA"]
[WhiteClock "0:00:06"]
[BlackClock "0:00:36"]

1. e4 c5 2. Nf3 d6 3. d4 cxd4 4. Nxd4 Nf6 5. Nc3 Nc6 6. Bc4 Nxd4 7. Qxd4 e6 8. Bg5 h6 9. Bh4 a6 10. O-O-O Qc7 11. Rhe1 Be7 12. Bb3 Bd7 13. f4 Bc6 14. Nd5 Nxd5 15. exd5 Bxh4 16. dxc6 Bxe1 17. cxb7 Qxb7 18. Qxd6 Qb4 19. Qc6+ Ke7 20. Rd7+ Kf6 21. Rxf7+ Kg6 22. Qxe6+ Kh7 23. Qf5+ Kg8 24. Rf8# 1-0

[Event "December 19 Early 2023"]
[Site "https://www.chess.com"]
[Date "2023.12.19"]
[Round "1"]
[White "Baskakov, Egor"]
[Black "Krzywda, Andrzej"]
[Result "1-0"]
[Board "41"]
[TimeControl "180+1"]
[WhiteFideId "24197866"]
[BlackFideId "1114565"]
[WhiteElo "2225"]
[BlackElo "2130"]
[WhiteTeam "RUS"]
[BlackTeam "POL"]
[WhiteClock "0:01:53"]
[BlackClock "0:00:03"]

1. e4 e5 2. Nc3 Nf6 3. g3 d5 4. exd5 Nxd5 5. Bg2 Nxc3 6. bxc3 Nc6 7. d3 Bc5 8. Ne2 O-O 9. O-O Bb6 10. h3 Qf6 11. Kh2 Re8 12. Be3 Bxe3 13. fxe3 Qh6 14. Qd2 Bd7 15. c4 Rad8 16. Nc3 Nd4 17. Qf2 Nf5 18. Rae1 f6 19. Bxb7 c6 20. Bxc6 Bxc6 21. Qxf5 Bd7 22. Qf2 Bxh3 23. Rh1 Bg4+ 24. Kg2 Qg6 25. e4 Be6 26. Nd5 Bxd5 27. cxd5 Re7 28. c4 Rb8 29. Rb1 Qe8 30. c5 Reb7 31. Rxb7 Rxb7 32. c6 Rb6 33. Rc1 Qb8 34. c7 Qc8 35. Qxb6 axb6 36. d6 Kf7 37. d7 Qa6 38. c8=Q Qxa2+ 39. Rc2 Qe6 40. d8=Q 1-0

[Event "December 19 Early 2023"]
[Site "https://www.chess.com"]
[Date "2023.12.19"]
[Round "1"]
[White "Senft, Sean"]
[Black "Sjugirov, Sanan"]
[Result "1-0"]
[Board "42"]
[TimeControl "180+1"]
[WhiteFideId "2044960"]
[BlackFideId "4189302"]
[WhiteElo "2005"]
[BlackElo "2569"]
[WhiteTeam "USA"]
[BlackTeam "HUN"]
[WhiteClock "0:00:31"]
[BlackClock "0:00:00"]

1. d4 Nf6 2. c4 e6 3. Nc3 Bb4 4. Nf3 b6 5. Bg5 h6 6. Bh4 g5 7. Bg3 Ne4 8. Qc2 Bb7 9. e3 Bxc3+ 10. bxc3 d6 11. Bd3 Nxg3 12. hxg3 Nd7 13. Be4 c6 14. a4 d5 15. Bd3 a5 16. Rb1 Rb8 17. Qe2 g4 18. Nh2 f5 19. Nf1 Nf6 20. Nd2 Kf7 21. f3 c5 22. cxd5 Nxd5 23. Rc1 gxf3 24. Nxf3 Nf6 25. Ne5+ Kg7 26. g4 Ne4 27. Bxe4 Bxe4 28. gxf5 exf5 29. Qf2 Qg5 30. Rh3 Qf6 31. Rg3+ Kh7 32. Rg6 Qxg6 33. Nxg6 Kxg6 34. Qg3+ Kf7 35. Qc7+ Kg6 36. Qd6+ Kg5 37. Kf2 h5 38. Rh1 h4 39. Qf4+ Kg6 40. Rxh4 Rxh4 41. Qxh4 cxd4 42. Qg3+ 1-0

[Event "December 19 Early 2023"]
[Site "https://www.chess.com"]
[Date "2023.12.19"]
[Round "1"]
[White "Chigaev, Maksim"]
[Black "Slade, Theodore"]
[Result "1-0"]
[Board "43"]
[TimeControl "180+1"]
[WhiteFideId "4108116"]
[BlackFideId "426547"]
[WhiteElo "2561"]
[BlackElo "1964"]
[WhiteTeam "ESP"]
[BlackTeam "ENG"]
[WhiteClock "0:01:08"]
[BlackClock "0:00:00"]

1. e4 e5 2. Nf3 Nc6 3. g3 Nf6 4. d3 d5 5. exd5 Nxd5 6. Bg2 Be7 7. O-O O-O 8. Re1 f6 9. d4 exd4 10. Nxd4 Nxd4 11. Qxd4 Nb6 12. Qe4 Bd6 13. Bf4 Bxf4 14. Qxf4 c6 15. Nc3 Bd7 16. Rad1 Re8 17. h4 Rxe1+ 18. Rxe1 Be8 19. a4 Bf7 20. Rd1 Qe7 21. a5 Nd7 22. Qc7 Rd8 23. Qxb7 c5 24. Qxa7 Bh5 25. Rd3 Bg6 26. Re3 Qd6 27. Nd5 Bxc2 28. Qc7 Ne5 29. Qxd6 Rxd6 30. f4 Ng4 31. Re8+ Kf7 32. Re7+ Kf8 33. Rc7 Bb3 34. Rc8+ Kf7 35. Rxc5 Ke8 36. a6 Bxd5 37. Bxd5 Rxa6 38. Bf3 Ne3 39. Kf2 1-0

[Event "December 19 Early 2023"]
[Site "https://www.chess.com"]
[Date "2023.12.19"]
[Round "1"]
[White "Grochal, Joey"]
[Black "Shevchenko, Kirill"]
[Result "0-1"]
[Board "44"]
[TimeControl "180+1"]
[WhiteFideId "1019945"]
[BlackFideId "14129574"]
[WhiteElo "2231"]
[BlackElo "2603"]
[WhiteTeam "NED"]
[BlackTeam "ROU"]
[WhiteClock "0:00:06"]
[BlackClock "0:00:27"]

1. e4 c5 2. Nf3 Nc6 3. d4 cxd4 4. Nxd4 e6 5. Nc3 Bc5 6. Ndb5 Nf6 7. Nd6+ Ke7 8. Bf4 e5 9. Nf5+ Kf8 10. Bg5 Bb4 11. Bc4 d5 12. Bxf6 Qxf6 13. Bxd5 Bxf5 14. exf5 Rd8 15. O-O Ne7 16. Ne4 Qxf5 17. Ng3 Qg6 18. c4 h5 19. Qa4 Nxd5 20. cxd5 Bd6 21. Qe4 Qxe4 22. Nxe4 Ke7 23. Rac1 Rc8 24. Rfd1 f5 25. Nd2 e4 26. g3 b5 27. a4 bxa4 28. Nc4 Rc5 29. Nxd6 Kxd6 30. Rxc5 Kxc5 31. Ra1 Kb4 32. d6 Rd8 33. Rd1 Kc5 34. d7 Kc6 35. Rd4 Rxd7 36. Rxa4 Kb5 37. Ra3 a5 38. Kg2 Rd2 39. Rb3+ Kc4 40. Rb7 e3 41. Kf3 e2 42. Re7 Rxb2 43. Kf4 a4 0-1

[Event "December 19 Early 2023"]
[Site "https://www.chess.com"]
[Date "2023.12.19"]
[Round "1"]
[White "Mahdavi, Reza"]
[Black "Chojnacki, Slawomir"]
[Result "0-1"]
[Board "45"]
[TimeControl "180+1"]
[WhiteFideId "12595926"]
[BlackFideId "1117076"]
[WhiteElo "2426"]
[BlackElo "2129"]
[WhiteTeam "IRI"]
[BlackTeam "POL"]
[WhiteClock "0:01:15"]
[BlackClock "0:01:46"]

1. e4 c6 2. d4 d5 3. e5 Bf5 4. Nc3 e6 5. g4 Bg6 6. Nge2 h5 7. Nf4 Ne7 8. Nxg6 Nxg6 9. gxh5 Nh4 10. Bd3 Ng2+ 11. Kf1 Nh4 12. Qg4 Nf5 13. Bxf5 exf5 14. Qxf5 Qd7 15. Qf3 Na6 16. Ne2 Nc7 17. c3 Ne6 18. Be3 O-O-O 19. Rg1 f6 20. exf6 gxf6 21. Rg6 Be7 22. Ng3 Rh7 23. Nf5 Rdh8 24. h6 Bd8 25. Bf4 Nxf4 26. Qxf4 Bc7 27. Qf3 Re8 28. Re1 Rxe1+ 29. Kxe1 Qe8+ 30. Qe3 Qxg6 31. Qe6+ Kb8 32. Ne7 Qe4+ 33. Qxe4 dxe4 34. Nf5 Bf4 0-1

[Event "December 19 Early 2023"]
[Site "https://www.chess.com"]
[Date "2023.12.19"]
[Round "1"]
[White "Cervantes Landeiro, Thalia"]
[Black "Rasulov, Vugar"]
[Result "0-1"]
[Board "46"]
[TimeControl "180+1"]
[WhiteFideId "3520498"]
[BlackFideId "13402390"]
[WhiteElo "2189"]
[BlackElo "2517"]
[WhiteTeam "USA"]
[BlackTeam "AZE"]
[WhiteClock "0:00:42"]
[BlackClock "0:01:57"]

1. d4 Nf6 2. c4 e6 3. Nf3 c5 4. d5 exd5 5. cxd5 d6 6. Nc3 g6 7. Nd2 Bg7 8. e4 O-O 9. Be2 Na6 10. O-O Nc7 11. a4 a6 12. Qc2 Rb8 13. a5 Bd7 14. Nc4 Bb5 15. Bf4 Bxc4 16. Bxc4 b5 17. axb6 Rxb6 18. h3 Re8 19. Rfe1 Nh5 20. Be3 Nb5 21. Rxa6 Nd4 22. Qc1 Rxa6 23. Bxa6 Qb6 24. Be2 Nf6 25. f3 Rb8 26. Bxd4 cxd4 27. Nb5 d3+ 28. Kh2 Qxb5 0-1